 Dungeon Crawl Stone Soup version 0.20-a0-1116-gaa52201 (webtiles) character file.

5891 salapander the Cleaver (level 10, -15/139 HPs)
             Began as a Hill Orc Berserker on May 7, 2017.
             Was a High Priest of Trog.
             Demolished by Psyche
             ... wielding a +2 dagger of chaos
              (19 damage)
             ... while paralysed by Psyche
             ... on level 9 of the Dungeon.
             The game lasted 00:12:20 (8413 turns).

salapander the Cleaver (Hill Orc Berserker)         Turns: 8413, Time: 00:12:20

Health: -15/139    AC: 24    Str: 26    XL:     10   Next: 82%
Magic:  13/13      EV:  2    Int:  9    God:    Trog [*****.]
Gold:   410        SH:  0    Dex: 13    Spells: 9/9 levels left

rFire    + + .     SeeInvis .   F - +0 war axe
rCold    . . .     Gourm    .   (no shield)
rNeg     + . .     Faith    .   v - +9 chain mail "Plog" {+Fly rF++ MR+}
rPois    .         Spirit   .   y - +2 hat
rElec    .         Reflect  .   z - +0 cloak
rCorr    .         Harm     .   (no gloves)
MR       +....                  s - +0 pair of boots
Stlth    ..........             r - amulet of regeneration
Regen    0.8/turn               E - ring of Shadows {Umbra +Inv Stlth+}
MPRegen  0.2/turn               g - ring of positive energy

@: paralysed, berserking (expiring), lethally poisoned (-15 -> -36), starving,
hasted and slowed, wreathed by umbra, drained
A: hooves 1, clever 1, low mp 1
a: Berserk, Trog's Hand, Brothers in Arms, Burn Spellbooks, Renounce Religion,
Evoke Invisibility, Evoke Flight


You were on level 9 of the Dungeon.
You worshipped Trog.
Trog was extremely pleased with you.
You were starving.

You visited 1 branch of the dungeon, and saw 9 of its levels.

You collected 410 gold pieces.

Inventory:

Hand Weapons
 F - a +0 war axe (weapon)
Armour
 a - a +0 pair of gloves
 s - a +0 pair of boots (worn)
 v - the +9 chain mail "Plog" (worn) {+Fly rF++ MR+}
   (You found it on level 4 of the Dungeon)

   It greatly protects you from fire.
   It affects your resistance to hostile enchantments.
   It lets you fly.
 y - a +2 hat (worn)
 z - a +0 cloak (worn)
Jewellery
 g - a ring of positive energy (right hand)
 r - an amulet of regeneration (around neck)
 D - the ring "Otiul" {rC+ SInv, unknown}
   (You found it on level 8 of the Dungeon)

   [ring of see invisible]

   It protects you from cold.
   It lets you see invisible.
 E - the ring of Shadows (left hand) {Umbra +Inv Stlth+}
   (You took it off an orc on level 7 of the Dungeon)

   [ring of stealth]

   It lets you turn invisible.
   It makes you more stealthy.
 H - an uncursed ring of protection from magic {unknown}
Wands
 d - a wand of flame (22/48)
 q - a wand of enslavement (4/24)
 w - a wand of clouds (3/9)
Scrolls
 b - 6 scrolls of fear
 e - 4 scrolls of teleportation
 k - 3 scrolls of fog
 n - 3 scrolls of remove curse
 t - a scroll of magic mapping
 u - 2 scrolls of enchant weapon
 A - a scroll of recharging {unknown}
 B - 2 scrolls of enchant armour {unknown}
 I - a scroll of identify
Potions
 l - 2 potions of heal wounds
 m - 2 potions of lignification {unknown}
 o - a potion of agility
 p - a potion of cancellation {unknown}
 x - 2 potions of haste
 C - a potion of flight {unknown}
 G - a potion of magic {unknown}
 J - a potion of ambrosia {unknown}
 K - a potion of degeneration {unknown}
Books
 i - a book of Geomancy

   Spells                             Type                      Level
   a - Sandblast                      Earth                        1
   b - Passwall                       Transmutation/Earth          2
   c - Stone Arrow                    Conjuration/Earth            3
   d - Petrify                        Transmutation/Earth          4
   e - Lee's Rapid Deconstruction     Earth                        5
   Trog disapproves of the use of such an item.
Comestibles
 c - 3 bread rations
 f - 2 meat rations
 j - 4 royal jellies


   Skills:
 - Level 10.0(9.8) Fighting
 + Level 13.7(13.5) Axes
 + Level 7.6(7.4) Armour
 - Level 1.5(1.4) Dodging
 - Level 6.0(5.8) Evocations


You had 9 spell levels left.
You didn't know any spells.

Dungeon Overview and Level Annotations

Branches:
Dungeon (9/15)             Temple (0/1) D:7            Lair (0/6) D:8
    Orc (0/2) D:9

Altars:
Fedhas
Nemelex Xobeh
Ru
Sif Muna
Uskayaw
Yredelemnul

Annotations:
D:9 Psyche


Innate Abilities, Weirdness & Mutations

You have large cloven feet.
Your mind is acute. (Int +2)
Your magical capacity is low. (-10% MP)


Message History

Psyche hits you but does no damage.
* * * LOW HITPOINT WARNING * * *
You feel very sick. Psyche hits you but does no damage. x2
* * * LOW HITPOINT WARNING * * *
You feel very sick. Psyche hits you but does no damage. You partially resist.
You feel drained. Psyche casts a spell at you. The puff of frost hits you!
* * * LOW HITPOINT WARNING * * *
* * * LOW HITPOINT WARNING * * *
You feel very sick.
Psyche says, "Once you're dead we can play together!"
Psyche hits you but does no damage. Psyche casts a spell at you.
The puff of flame hits you!
* * * LOW HITPOINT WARNING * * *
You feel very sick. Psyche hits you but does no damage.
You are electrocuted!
You die...

..8...(..#
.........#######
.........#.....#
...............#
..>.....8......#
....)..........#########
.........#......)......#
.........#>.....(@.....#
..8......#......@).....#
.....#####..#...)......#
#..#....?...#...........
............#.?........#
..#.#.##....#.........?#
[.#.#.##.. #...........
..#.#.# #........... ..
#...........


You could see Psyche.

Vanquished Creatures
  Erica (D:9)
  3 hippogriffs
  A yak (D:5)
  3 wargs (D:8)
  3 hungry ghosts (D:9)
  2 sky beasts
  A phantom (D:5)
  An eye of draining (D:8)
  3 ogres (D:8)
  3 orc warriors
  6 centaurs
  A crocodile (D:8)
  Blork the orc (D:4)
  2 big kobolds
  A bullfrog (D:7)
  2 scorpions
  2 troll zombies (D:9)
  5 killer bees (D:7)
  A howler monkey (D:4)
  3 crimson imps
  2 bullfrog zombies (D:5)
  A quasit (D:7)
  7 orc priests
  5 hounds
  A jelly (D:5)
  15 orc wizards
  Crazy Yiuf (D:6)
  2 bullfrog skeletons
  4 iguanas
  4 worker ants
  6 ogre zombies (D:9)
  A hound skeleton (D:4)
  A gnoll (D:1)
  10 adders
  3 shadow imps
  An adder skeleton (D:4)
  6 leopard geckos
  41 orcs
  A ball python (D:6)
  11 giant cockroaches
  4 goblins
  7 hobgoblins
  2 jackals (D:2)
  4 quokkas
  6 bats
  2 frilled lizards (D:3)
  2 goblin skeletons (D:9)
  3 goblin zombies (D:9)
  A hobgoblin skeleton (D:9)
  4 hobgoblin zombies (D:9)
  14 kobolds
  2 leopard gecko skeletons
  3 orc skeletons (D:9)
  12 orc zombies (D:9)
  11 rats
245 creatures vanquished.

Notes
Turn   | Place    | Note
-------+----------+-------------------------------------------
     0 | D:1      | salapander the Hill Orc Berserker began the quest for the Orb.
     0 | D:1      | Reached XP level 1. HP: 19/19 MP: 1/1
   198 | D:1      | Reached XP level 2. HP: 20/27 MP: 2/2
   709 | D:1      | Reached XP level 3. HP: 32/34 MP: 3/3
  1246 | D:2      | Reached skill level 5 in Axes
  1320 | D:2      | Reached ** piety under Trog
  1452 | D:2      | Reached skill level 5 in Fighting
  1452 | D:2      | Reached XP level 4. HP: 32/42 MP: 4/4
  2158 | D:3      | Found a sacrificial altar of Ru.
  2566 | D:3      | Reached XP level 5. HP: 45/49 MP: 5/5
  2584 | D:3      | Reached skill level 6 in Axes
  3295 | D:4      | Got a warped chain mail
  3306 | D:4      | Identified the +9 chain mail "Plog" {+Fly rF++ MR+} (You found it on level 4 of the Dungeon)
  3330 | D:4      | Reached XP level 6. HP: 52/57 MP: 6/6
  3429 | D:4      | Reached *** piety under Trog
  3435 | D:4      | Reached skill level 7 in Axes
  3571 | D:4      | Noticed Blork the orc
  3590 | D:4      | Killed Blork the orc
  3802 | D:4      | Found a blossoming altar of Fedhas.
  3805 | D:4      | Found a basalt altar of Yredelemnul.
  3807 | D:4      | Found a hide-covered altar of Uskayaw.
  3890 | D:4      | Reached XP level 7. HP: 64/64 MP: 7/7
  4193 | D:5      | Entered Level 5 of the Dungeon
  4257 | D:5      | Reached skill level 8 in Axes
  4300 | D:5      | Found a deep blue altar of Sif Muna.
  4626 | D:5      | Noticed a yak
  4635 | D:5      | Killed a yak
  4635 | D:5      | Reached skill level 9 in Axes
  4635 | D:5      | Reached XP level 8. HP: 73/73 MP: 8/8
  5401 | D:6      | Found a runed door.
  5405 | D:6      | Noticed Crazy Yiuf
  5409 | D:6      | Killed Crazy Yiuf
  5409 | D:6      | Reached skill level 10 in Axes
  5443 | D:6      | Reached **** piety under Trog
  5498 | D:6      | Reached skill level 5 in Armour
  5890 | D:6      | Found a sparkling altar of Nemelex Xobeh.
  5928 | D:6      | Gained mutation: You are surrounded by a mild repulsion field. (EV +2) [mutagenic meat]
  5929 | D:6      | Gained mutation: You have an increased reservoir of magic. (+10% MP) [mutagenic meat]
  5930 | D:6      | Gained mutation: You are resistant to hostile enchantments. (MR+) [mutagenic meat]
  5931 | D:6      | Gained mutation: You are partially covered in molten scales. (AC +2) [mutagenic meat]
  5932 | D:6      | Lost mutation: You have an increased reservoir of magic. (+10% MP) [mutagenic meat]
  6089 | D:7      | Reached XP level 9. HP: 82/82 MP: 9/9
  6155 | D:7      | Reached skill level 11 in Axes
  6397 | D:7      | Reached skill level 1 in Evocations
  6484 | D:7      | Found a staircase to the Ecumenical Temple.
  6730 | D:7      | Reached skill level 12 in Axes
  7299 | D:8      | Found a staircase to the Lair.
  7311 | D:8      | Reached ***** piety under Trog
  7313 | D:8      | Reached XP level 10. HP: 91/91 MP: 11/13
  7366 | D:8      | Reached skill level 5 in Evocations
  7414 | D:8      | Got a smoking iron ring
  7495 | D:8      | Gained mutation: Your spells are a little harder to cast, but a little more powerful. [mutagenic meat]
  7496 | D:8      | Lost mutation: You are resistant to hostile enchantments. (MR+) [mutagenic meat]
  7497 | D:8      | Gained mutation: You expend magic power (3 MP) to strengthen your wands. [mutagenic meat]
  7498 | D:8      | Gained mutation: Your magical capacity is low. (-10% MP) [mutagenic meat]
  7505 | D:8      | Lost mutation: Your spells are a little harder to cast, but a little more powerful. [potion of mutation]
  7505 | D:8      | Lost mutation: You expend magic power (3 MP) to strengthen your wands. [potion of mutation]
  7505 | D:8      | Lost mutation: You are surrounded by a mild repulsion field. (EV +2) [potion of mutation]
  7505 | D:8      | Lost mutation: You are partially covered in molten scales. (AC +2) [potion of mutation]
  7505 | D:8      | Gained mutation: Your mind is acute. (Int +2) [potion of mutation]
  7505 | D:8      | Gained mutation: You have large cloven feet. [potion of mutation]
  7805 | D:8      | Reached skill level 10 in Fighting
  7814 | D:8      | Received a gift from Trog
  8220 | D:9      | Reached skill level 13 in Axes
  8275 | D:9      | Found a staircase to the Orcish Mines.
  8337 | D:9      | Noticed Erica
  8359 | D:9      | Killed Erica
  8393 | D:9      | Noticed Psyche
  8408 | D:9      | Paralysed by Psyche for 6 turns
  8413 | D:9      | HP: 4/139 [poisoned by Psyche]
  8413 | D:9      | Demolished by Psyche

Vault maps used:
D:1:      zaba_arrival_water
D:3:      first_bread, minmay_misc_feat_four_crosses,
          nicolae_ru_great_annihilating_truth
D:4:      nicolae_overflow_hidden_temple, minivault_23,
          kennysheep_decorative_pillar, uniq_blork_the_orc
D:5:      kennysheep_big_flooded_room, lemuel_round_altar
D:6:      basic_altar, uniq_crazy_yiuf_cottage
D:7:      minmay_temple_entry_butterflies
D:8:      erik_lair_orcish_takeover
D:9:      zombieorc2_lemuel, basic_altar, uniq_pikel, uniq_psyche, uniq_erica

Skill      XL: |  1  2  3  4  5  6  7  8  9 10 |
---------------+-------------------------------+-----
Fighting       | 4 5 6 7 8 9 10 | 10.0
Axes           | 5 6 7 9 10 12 13 | 13.7
Armour         | 3 4 5 6 7 |  7.6
Evocations     | 4 6 |  6.0
Dodging        | |  1.5

Action                   |  1- 3 |  4- 6 |  7- 9 | 10-12 || total
-------------------------+-------+-------+-------+-------++-------
Melee: Hand axe          |    84 |   194 |   438 |       ||   716
       War axe           |       |       |    24 |   243 ||   267
Invok: Berserk           |     1 |     3 |    10 |     3 ||    17
  Use: Scroll            |       |       |    12 |       ||    12
       Potion            |       |       |       |     2 ||     2
  Eat: Chunk             |     3 |    10 |    25 |    11 ||    49
       Fruit             |       |       |       |     8 ||     8
Armor: Animal skin       |    15 |       |       |       ||    15
       Scale mail        |     5 |    48 |       |       ||    53
       Chain mail        |       |    48 |   353 |   184 ||   585
Dodge: Dodged            |    49 |   104 |   228 |   167 ||   548
